 Dungeon Crawl Stone Soup version 0.28.0-47-ge53b351184 (webtiles) character file.

Game seed: 15457422073085218284

110949 Peloso the Fencer (level 16, -10/151 HPs)
             Began as a Minotaur Fighter on Apr 29, 2022.
             Was the Champion of Okawaru.
             Killed by a resonance strike
             ... invoked by a ragged hierophant
              (17 damage)
             ... in the Desolation of Salt.
             The game lasted 01:10:14 (35789 turns).

Peloso the Fencer (Minotaur Fighter)               Turns: 35789, Time: 01:10:14

Health: -10/151    AC: 34    Str: 35    XL:     16   Next: 8%
Magic:  17/18      EV: 13    Int: 13    God:    Okawaru [******]
Gold:   2236       SH: 16    Dex: 14    Spells: 15/15 levels left

rFire   . . .      SeeInvis .   b - +3 scimitar (flame)
rCold   . . .      Faith    .   e - +0 kite shield
rNeg    . . .      Spirit   .   N - +1 plate armour "Leso" {*Corrode rPois rF+ Str+4}
rPois   +          Reflect  .   P - +1 hat {Int+3}
rElec   +          Harm     .   (no cloak)
rCorr   .          Rampage  .   M - +2 pair of gloves of Gluttony {rElec rF- Will+++ Int+3}
Will    ++++.                   V - +2 pair of boots {Fly}
Stlth   ..........              (no amulet)
HPRegen 0.35/turn               n - +6 ring of strength
MPRegen 0.16/turn               v - +4 ring of protection

@: about to teleport, heroic, flying
A: horns 2, retaliatory headbutt, clever 1
a: Renounce Religion, Heroism, Finesse, Duel


You were in the Desolation of Salt.
You worshipped Okawaru.
Okawaru was exalted by your worship.
You visited 5 branches of the dungeon, and saw 25 of its levels.
You also visited: Sewer, Bailey and Desolation.

You collected 2994 gold pieces.
You spent 758 gold pieces at shops.

Inventory:

Hand Weapons
 a - a +2 scimitar of electrocution
 b - a +3 scimitar of flaming (weapon)
 c - a +2 falchion of holy wrath
Armour
 e - a +0 kite shield (worn)
 q - the +1 pair of boots "Jairchid" {rC+}
   (Okawaru gifted it to you on level 14 of the Dungeon)

   rC:        It protects you from cold.
 r - +0 swamp dragon scales
 F - a +0 plate armour of fire resistance
 M - the +2 pair of gloves of Gluttony (worn) {rElec rF- Will+++ Int+3}
   (You found it on level 5 of the Lair of Beasts)

   Int:       It affects your intelligence (+3).
   rF:        It makes you vulnerable to fire.
   rElec:     It insulates you from electricity.
   Will:      It greatly increases your willpower.
 N - the +1 plate armour "Leso" (worn) {*Corrode rPois rF+ Str+4}
   (Okawaru gifted it to you on level 12 of the Dungeon)

   Str:       It affects your strength (+4).
   rF:        It protects you from fire.
   rPois:     It protects you from poison.
   *Corrode:  It may corrode you when you take damage.
 P - a +1 hat of intelligence (worn)
 V - a +2 pair of boots of flying (worn)
Jewellery
 h - an amulet of guardian spirit
 l - an amulet of faith
 n - a +6 ring of strength (left hand)
 u - an amulet of magic regeneration
 v - a +4 ring of protection (right hand)
 w - a +6 ring of intelligence
 O - a ring of willpower
 S - a ring of fire
 Y - a ring of protection from cold
Wands
 k - a wand of paralysis (8)
 p - a wand of flame (16)
 D - a wand of iceblast (2)
Scrolls
 f - 3 scrolls of amnesia
 j - a scroll of enchant armour
 m - 4 scrolls of brand weapon
 o - 3 scrolls of blinking
 t - 2 scrolls of teleportation
 y - 2 scrolls of magic mapping
 z - 3 scrolls of summoning
 B - a scroll of acquirement
 E - 4 scrolls of fog
 L - a scroll of fear
 R - 2 scrolls of silence {unknown}
 T - 2 scrolls of immolation {unknown}
 X - a scroll of noise {unknown}
Potions
 d - 2 potions of might
 g - 17 potions of curing
 i - 3 potions of haste
 A - a potion of invisibility
 C - a potion of ambrosia
 H - a potion of resistance {unknown}
 J - 2 potions of lignification {unknown}
 W - a potion of heal wounds
Miscellaneous
 s - a lightning rod (4/4)
 x - a tin of tremorstones (2/2)


   Skills:
 + Level 16.1(21.1) Fighting
 + Level 17.9(22.9) Long Blades
 + Level 0.8(5.8) Maces & Flails
 + Level 17.7(22.7) Armour
 + Level 5.0(10.0) Dodging
 + Level 3.1(8.1) Stealth
 + Level 16.5(21.5) Shields
 + Level 4.1 Invocations
 + Level 2.9 Evocations


You had 15 spell levels left.
You didn't know any spells.
Your spell library contained the following spells:

 Spells                   Type           Power      Damage    Failure   Level
 Apportation              Tloc           0%         N/A       75%         1
 Beastly Appendage        Tmut           0%         N/A       75%         1
 Magic Dart               Conj           0%         1d3       75%         1
 Blink                    Tloc           0%         N/A       87%         2
 Searing Ray              Conj           0%         2d4       87%         2
 Sublimation of Blood     Necr           0%         N/A       87%         2
 Wereblood                Tmut           0%         N/A       87%         2
 Confusing Touch          Hex            0%         N/A       98%         3
 Conjure Flame            Conj/Fire      0%         6-21      98%         3
 Ignite Poison            Fire/Tmut/Pois 0%         N/A       98%         3
 Mephitic Cloud           Conj/Pois/Air  0%         N/A       98%         3
 Spider Form              Tmut/Pois      0%         N/A       98%         3
 Fulminant Prism          Conj/Hex       0%         3d6       100%        4
 Petrify                  Tmut/Erth      0%         N/A       100%        4
 Sticky Flame             Conj/Fire      0%         2d3       100%        4
 Blade Hands              Tmut           0%         N/A       100%        5
 Freezing Cloud           Conj/Ice/Air   0%         6-21      100%        5
 Irradiate                Conj/Tmut      0%         3d13      100%        5
 Manifold Assault         Tloc           0%         N/A       100%        5
 Metabolic Englaciation   Hex/Ice        0%         N/A       100%        5
 Yara's Violent Unravell  Hex/Tmut       0%         3d3       100%        5
 Iron Shot                Conj/Erth      0%         9d1       100%        6
 Statue Form              Tmut/Erth      0%         N/A       100%        6
 Enfeeble                 Hex            0%         N/A       100%        7
 Orb of Destruction       Conj           0%         9d5       100%        7
 Storm Form               Tmut/Air       0%         N/A       100%        7
 Polar Vortex             Ice            0%         N/A       100%        9
 Animate Skeleton         Necr           Unusable   N/A       N/A         1
 Summon Small Mammal      Summ           Unusable   N/A       N/A         1
 Call Imp                 Summ           Unusable   N/A       N/A         2
 Summon Guardian Golem    Hex/Summ       Unusable   N/A       N/A         3
 Animate Armour           Summ/Erth      Unusable   N/A       N/A         4
 Simulacrum               Ice/Necr       Unusable   N/A       N/A         6
 Spellforged Servitor     Conj/Summ      Unusable   N/A       N/A         7

Dungeon Overview and Level Annotations

Branches:
Dungeon (15/15)            Temple (1/1) D:5            Lair (6/6) D:11
 Shoals (0/4) Lair:3       Spider (0/4) Lair:4        Slime (0/5) Lair:5
    Orc (2/2) D:10            Elf (1/3) Orc:2        Vaults (0/5) D:14
 Depths (0/4) D:15          Sewer (visited)          Bailey (visited)
Desolation (1/1)

Altars:
Ashenzari
Cheibriados
Dithmenos
Elyvilon
Fedhas
Gozag
Hepliaklqana
Makhleb
Nemelex Xobeh
Okawaru
Qazlal
Ru
Sif Muna
Trog
Uskayaw
Vehumet
Wu Jian
Xom
Yredelemnul
Zin
The Shining One
Beogh

Shops:
D:3 (   D:11 [   D:12 ?   Orc:2 *[*:!

Portals:
Pandemonium: Orc:2
Trove: D:13 (show slimy rune of Zot)

Annotations:
D:15 2 runed translucent doors, exclusion: orange crystal statue
Lair:3 casa


Innate Abilities, Weirdness & Mutations

You have a pair of horns on your head.
You reflexively headbutt those who attack you in melee.
Your mind is acute. (Int +2)


Message History

You destroy the saltling!
Okawaru accepts your kill. The saltling hits you!!
* * * LOW HITPOINT WARNING * * *
Unknown command.
You hit the saltling but do no damage.
Unknown command.
You slice the saltling!! You burn the saltling!
You destroy the saltling!
Okawaru accepts your kill.
The peacekeeper hurls a volley of spikes at you.
The volley of spikes hits you but does no damage.
Unknown command.
You closely miss the ironbound convoker.
The ragged hierophant is recalled.
The servant of whispers is recalled. x2
The guardian serpent is recalled.
The servant of whispers is recalled.
The ragged hierophant is recalled.
You block the servant of whispers's attack.
A servant of whispers comes into view. It is wielding a +0 quarterstaff.
A ragged hierophant comes into view. It is wielding a +0 whip.
A servant of whispers comes into view. It is wielding a +0 quarterstaff.
You block the servant of whispers's attack.
A ragged hierophant comes into view. It is wielding a +0 short sword.
The ironbound convoker hits you with a +3 great mace!
* * * LOW HITPOINT WARNING * * *
You block the guardian serpent's attack.
The peacekeeper bites you.
* * * LOW HITPOINT WARNING * * *
The peacekeeper misses you.
A guardian serpent and 2 servants of whispers come into view.
As you read the scroll of teleportation, it crumbles to dust.
You feel strangely unstable.
The guardian serpent hits you but does no damage.
The servant of whispers closely misses you.
You furiously retaliate!
You headbutt the servant of whispers.
You block the servant of whispers's attack.
You block the peacekeeper's attack. x2
The ragged hierophant casts a spell at you.
A blast of power from the earth and the peacekeeper strikes you!
You die...

... . #... ... .
§§§.... ....
.§§§§§§§.#.
#.... ...§§§....
. ...§§..§§.....
... ..§§§§§§....
.9...§§aaSp....#
.....§§§@aa.....
#..§§§§a9a§.....
....§§§§§§.....
......§§§......
.........§§§...
......#..§§§..#
.........9.....
..........§#...


You could see 2 ragged hierophants, 4 servants of whispers, an ironbound
convoker (catching breath), a peacekeeper and a guardian serpent.

Vanquished Creatures
  Gastronok (Lair:1)
  A stone giant (D:13)
  Nessos (D:13)
  Snorg (Lair:5)
  The ghost of Xixkoobe the Basher, a journeyman TrHu of the Shining One (D:13)
  2 fire dragons
  An ettin (Orc:1)
  Harold (Orc:1)
  Josephine (D:15)
  A servant of whispers (Elf:1)
  An ice dragon (D:15)
  A vault guard (D:14)
  9 hydras
  Erolcha (Orc:1)
  A demonspawn (Orc:2)
  5 centaur warriors
  An ogre mage (D:15)
  5 boulder beetles
  A dancing weapon (Elf:1)
  7 death yaks (Lair:6)
  9 two-headed ogres
  9 orc high priests (Orc:2)
  A soul eater (Orc:2)
  A deep elf knight (D:14)
  A fire crab (Lair:5)
  A phantasmal warrior (D:13)
  3 deep elf zephyrmancers (Elf:1)
  3 necromancers
  A wizard (D:14)
  Pikel (D:7)
  2 wolf spiders (Lair:6)
  5 deep elf pyromancers
  9 orc knights
  3 orc sorcerers (Orc:2)
  An ugly thing (D:13)
  6 cyclopes
  2 manticores
  4 elephants
  A guardian serpent (Lair:6)
  17 black mambas
  A gargoyle (D:12)
  18 cane toads
  Maggie (D:7)
  An unseen horror (shapeshifter) (D:14)
  An efreet (D:13)
  2 rime drakes (Lair:6)
  3 tengu conjurers
  4 freezing wraiths (D:14)
  A kobold demonologist (D:10)
  6 komodo dragons
  An ice devil (Orc:2)
  A red devil (Orc:2)
  5 trolls
  3 meliai (D:15)
  2 polar bears
  A tarantella (shapeshifter) (D:13)
  A wolf spider simulacrum (D:14)
  Prince Ribbit (D:7)
  5 saltlings
  2 hornets (Lair:5)
  3 blink frogs (Lair:1)
  A hornet (shapeshifter) (D:10)
  12 dream sheep
  8 slime creatures
  A centaur simulacrum (D:15)
  A shadow (D:9)
  2 water elementals (D:12)
  3 wraiths (D:15)
  Sigmund (D:2)
  12 wyverns
  38 yaks
  5 basilisks
  A fire elemental (Elf:1)
  A steam dragon (D:7)
  22 humans (D:14)
  Grum (Lair:1)
  2 neqoxecs (Orc:2)
  7 vampire mosquitoes
  A redback (shapeshifter) (Elf:1)
  4 wargs
  4 redbacks (Lair:4)
  20 water moccasins
  2 black bears
  A hornet zombie (D:7)
  43 orc warriors
  3 sky beasts
  Pargi (Sewer)
  13 wolves
  12 ogres
  An ogre (shapeshifter) (D:13)
  19 centaurs
  3 phantoms
  9 kobold brigands
  8 bullfrogs
  2 scorpions
  A water moccasin zombie (D:6)
  3 gnoll sergeants
  A hornet simulacrum (D:14)
  A water moccasin skeleton (D:6)
  4 electric eels
  5 killer bees (D:7)
  8 wights (D:10)
  6 howler monkeys
  3 centaur zombies
  4 hounds
  A centaur skeleton (D:5)
  21 orc priests
  5 jellies
  Terence (D:3)
  An iguana (D:4)
  Ijyb (D:5)
  22 orc wizards
  6 hell rats (Lair:5)
  2 yak simulacra (D:9)
  3 polar bear simulacra (D:9)
  4 wolf simulacra (D:9)
  A hound zombie (D:5)
  A hound skeleton (D:5)
  2 howler monkey zombies
  11 gnolls
  6 adders
  A shadow imp (D:8)
  A white imp (D:8)
  An ufetubus (D:6)
  4 worms
  A dart slug (D:3)
  133 orcs
  5 endoplasms
  4 giant cockroaches
  5 hobgoblins
  41 kobolds
  3 quokkas
  4 ball pythons
  3 bats
  5 frilled lizards
  7 goblins
  A jackal skeleton (D:4)
  3 rats
  2 river rat simulacra (D:9)
798 creatures vanquished.

Vanquished Creatures (others)
  A deep elf knight (Elf:1)
  A deep elf pyromancer (Elf:1)
  2 orcs
  57 fungi
  80 plants
141 creatures vanquished.

Grand Total: 939 creatures vanquished

Notes
Turn   | Place    | Note
-------+----------+-------------------------------------------
     0 | D:1      | Peloso the Minotaur Fighter began the quest for the Orb.
     0 | D:1      | Reached XP level 1. HP: 19/19 MP: 0/0
   262 | D:1      | Reached XP level 2. HP: 27/27 MP: 1/1
   990 | D:1      | Found a faded altar of an unknown god.
  1046 | D:2      | Noticed Sigmund
  1056 | D:2      | Killed Sigmund
  1057 | D:2      | Reached XP level 3. HP: 8/35 MP: 2/2
  1057 | D:2      | Reached XP level 4. HP: 9/41 MP: 3/3
  1057 | D:2      | Reached XP level 5. HP: 11/47 MP: 4/4
  1336 | D:2      | Found a sacrificial altar of Ru.
  1386 | D:2      | Reached skill level 1 in Dodging
  1647 | D:3      | Reached skill level 5 in Fighting
  1647 | D:3      | Reached skill level 5 in Armour
  1647 | D:3      | Reached XP level 6. HP: 13/56 MP: 5/5
  2516 | D:3      | Noticed Terence
  2533 | D:3      | Killed Terence
  2677 | D:3      | Found Faucana's Antique Weapon Emporium.
  2707 | D:3      | Found a bloodstained altar of Trog.
  2797 | D:3      | Found a sparkling altar of Nemelex Xobeh.
  3540 | D:4      | Reached skill level 5 in Long Blades
  4442 | D:5      | Entered Level 5 of the Dungeon
  4468 | D:4      | Reached XP level 7. HP: 46/61 MP: 6/6
  4627 | D:4      | Reached skill level 5 in Shields
  4635 | D:5      | Found a staircase to the Ecumenical Temple.
  4847 | Temple   | Entered the Ecumenical Temple
  4866 | Temple   | Became a worshipper of Warmaster Okawaru
  4904 | D:5      | Noticed a shadow
  4907 | D:5      | Found a shadowy altar of Dithmenos.
  4908 | D:5      | Found a hazy altar of Hepliaklqana.
  4963 | D:5      | Noticed Ijyb
  4974 | D:5      | Killed Ijyb
  5285 | D:5      | Found a radiant altar of Vehumet.
  5469 | D:5      | Found a white marble altar of Elyvilon.
  5508 | D:5      | Found a snail-covered altar of Cheibriados.
  5917 | D:6      | Found a glowing drain.
  5927 | Sewer    | Entered a sewer
  5941 | Sewer    | Noticed Pargi
  5949 | Sewer    | Killed Pargi
  5950 | Sewer    | Reached XP level 8. HP: 64/70 MP: 7/7
  6515 | D:6      | Found a hide-covered altar of Uskayaw.
  6642 | D:6      | Found a glowing golden altar of the Shining One.
  6838 | D:6      | Reached * piety under Okawaru
  7658 | D:7      | Noticed Pikel
  7683 | D:7      | Killed Pikel
  7684 | D:7      | Reached skill level 1 in Stealth
  7684 | D:7      | Reached XP level 9. HP: 67/78 MP: 5/8
  7736 | D:7      | Noticed Maggie
  7744 | D:7      | Killed Maggie
  7773 | D:7      | Found a flagged portal.
  7784 | D:7      | Reached ** piety under Okawaru
  7793 | Bailey   | Entered a bailey
  7991 | Bailey   | Reached skill level 10 in Long Blades
  8445 | Bailey   | Reached skill level 1 in Evocations
  8935 | Bailey   | Reached *** piety under Okawaru
  9046 | Bailey   | Reached XP level 10. HP: 49/86 MP: 2/9
  9830 | D:7      | Noticed Prince Ribbit
  9849 | D:7      | Killed Prince Ribbit
  9850 | D:7      | Reached skill level 10 in Armour
 10468 | D:8      | Reached skill level 1 in Invocations
 10612 | D:8      | Reached **** piety under Okawaru
 11189 | D:8      | Found a shimmering blue altar of Sif Muna.
 11496 | D:9      | Found a broken altar of Ashenzari.
 11532 | D:9      | Found an opulent altar of Gozag.
 11832 | D:9      | Noticed a necromancer
 11849 | D:9      | Killed a necromancer
 12116 | D:9      | Reached XP level 11. HP: 95/95 MP: 10/10
 12654 | D:10     | Entered Level 10 of the Dungeon
 12900 | D:10     | Reached ***** piety under Okawaru
 13302 | D:10     | Noticed a two-headed ogre
 13307 | D:10     | Killed a two-headed ogre
 13476 | D:10     | Found a staircase to the Orcish Mines.
 14039 | D:10     | Reached skill level 10 in Fighting
 14319 | D:11     | Received a gift from Okawaru
 14524 | D:11     | Noticed a two-headed ogre
 14532 | D:11     | Killed a two-headed ogre
 14885 | D:11     | Noticed a two-headed ogre
 14890 | D:11     | Killed a two-headed ogre
 14895 | D:11     | Found a staircase to the Lair.
 14972 | D:11     | Found Ikhlori's Armour Boutique.
 14990 | D:11     | Noticed a deep elf pyromancer
 15007 | D:11     | Killed a deep elf pyromancer
 15031 | D:11     | Reached XP level 12. HP: 43/107 MP: 12/12
 15486 | D:12     | Found Leta's Magic Scroll Shoppe.
 15739 | D:12     | Bought a scroll of fog for 26 gold pieces
 15739 | D:12     | Bought a scroll of magic mapping for 45 gold pieces
 16128 | D:12     | Identified the +1 plate armour "Leso" {*Corrode rPois rF+
                  | Str+4} (Okawaru gifted it to you on level 12 of the
                  | Dungeon)
 16128 | D:12     | Received a gift from Okawaru
 16728 | Lair:1   | Entered Level 1 of the Lair of Beasts
 17028 | Lair:1   | Identified the +7 trident "Oleut" {freeze, Str+2}
 17118 | Lair:1   | Noticed Grum
 17166 | Lair:1   | Killed Grum
 17357 | Lair:1   | Noticed Gastronok
 17376 | Lair:1   | Killed Gastronok
 17377 | Lair:1   | Reached skill level 10 in Shields
 18132 | Lair:2   | You fall into a shaft and drop 2 floors!
 18155 | Lair:4   | Noticed a boulder beetle
 18162 | Lair:4   | Killed a boulder beetle
 18626 | Lair:3   | Reached skill level 15 in Long Blades
 18782 | Lair:3   | Found a staircase to the Shoals.
 19408 | Lair:2   | Noticed a four-headed hydra
 19419 | Lair:2   | Killed a four-headed hydra
 19420 | Lair:2   | Reached XP level 13. HP: 82/118 MP: 11/13
 19754 | Lair:2   | Identified the +2 arbalest of Conscience {flame, rN+ Str-4
                  | Int+3}
 19973 | Orc:1    | Entered Level 1 of the Orcish Mines
 19980 | Orc:1    | Noticed Erolcha
 20608 | Orc:1    | Killed Erolcha
 20852 | Orc:2    | Entered Level 2 of the Orcish Mines
 20852 | Orc:2    | Noticed an ettin
 20867 | Orc:1    | Killed an ettin
 21132 | Orc:2    | Paralysed by an orc sorcerer for 5 turns
 21153 | Orc:2    | Paralysed by an orc sorcerer for 2 turns
 21321 | Orc:2    | Received a gift from Okawaru
 21473 | Orc:2    | Found Yblaq's Distillery.
 21492 | Orc:2    | Bought a potion of degeneration for 15 gold pieces
 21625 | Orc:2    | Found Kahafuar's General Store.
 21723 | Orc:2    | Found Nagum's General Store.
 22228 | Orc:2    | Gained mutation: Your mind is acute. (Int +2) [a neqoxec]
 22583 | Orc:2    | Reached skill level 15 in Armour
 23090 | Orc:2    | HP: 5/119 [sun demon[an orc high priest] (7)]
 23665 | Orc:2    | Identified the +1 robe of the Eight Boll Weevils {rPois}
                  | (Okawaru gifted it to you on level 2 of the Orcish Mines)
 23665 | Orc:2    | Received a gift from Okawaru
 23710 | Orc:2    | Found Odghiezo's Book Emporium.
 23710 | Orc:2    | Found Inkibuah's Antique Armour Shoppe.
 23711 | Orc:2    | Found a one-way gate leading to the halls of Pandemonium.
 23715 | Orc:2    | Bought a smoking plate armour for 672 gold pieces
 23715 | Orc:2    | Identified the +3 plate armour of Tuogocki {*Slow Slay+5}
                  | (You bought it in a shop on level 2 of the Orcish Mines)
 23758 | Orc:2    | Found a staircase to the Elven Halls.
 23899 | Orc:1    | Noticed Harold
 23911 | Orc:1    | Killed Harold
 24399 | D:13     | Found a portal to a secret trove of treasure.
 24429 | D:13     | Noticed Xixkoobe's ghost (journeyman TrHu)
 24431 | D:13     | Found a runed translucent gate.
 24431 | D:13     | Noticed a stone giant
 24431 | D:13     | Noticed a fire dragon
 24432 | D:13     | Found a runed translucent gate.
 24432 | D:13     | Found a runed translucent gate.
 24598 | D:13     | Reached XP level 14. HP: 124/129 MP: 15/15
 24836 | D:13     | Noticed Nessos
 24841 | D:13     | Killed Nessos
 25370 | Lair:4   | HP: 6/129 [poisoned by a cane toad]
 26371 | Lair:4   | Found a hole to the Spider Nest.
 26752 | Lair:5   | Identified the +2 pair of gloves of Gluttony {rElec rF-
                  | Will+++ Int+3}
 27168 | Lair:5   | Found a staircase to the Slime Pits.
 27185 | Lair:5   | Identified the +5 ring mail of the Moon Troll {rF+}
                  | (Okawaru gifted it to you on level 5 of the Lair of Beasts)
 27185 | Lair:5   | Received a gift from Okawaru
 27204 | Lair:5   | Noticed Snorg
 27213 | Lair:5   | Killed Snorg
 28475 | Lair:6   | Entered Level 6 of the Lair of Beasts
 28719 | Lair:5   | Reached ****** piety under Okawaru
 29903 | Lair:6   | Reached XP level 15. HP: 119/139 MP: 16/16
 30187 | Lair:6   | Received a gift from Okawaru
 30796 | Lair:6   | Identified the +1 ring mail of the Unseen Realm {Contam
                  | Int+6}
 30798 | Lair:6   | Identified a scroll of acquirement
 31260 | D:14     | Reached skill level 15 in Shields
 31365 | D:14     | Found a gate to the Vaults.
 31389 | D:14     | Identified the +1 pair of boots "Jairchid" {rC+} (Okawaru
                  | gifted it to you on level 14 of the Dungeon)
 31389 | D:14     | Received a gift from Okawaru
 31660 | D:14     | Reached skill level 15 in Fighting
 32250 | D:14     | Found a blossoming altar of Fedhas.
 32682 | D:15     | Entered Level 15 of the Dungeon
 32965 | D:15     | Found a staircase to the Depths.
 33608 | D:15     | Found a runed translucent door.
 33804 | D:15     | Found the +10 tower shield of Ignorance {rN+ Int-4}
 33810 | D:15     | Found a runed translucent door.
 34070 | D:15     | Noticed Josephine
 34529 | D:15     | Found a glowing silver altar of Zin.
 34572 | D:15     | Received a gift from Okawaru
 34582 | D:15     | Killed Josephine
 35082 | D:13     | Reached skill level 5 in Dodging
 35107 | D:13     | Killed Xixkoobe's ghost
 35349 | D:13     | Reached XP level 16. HP: 86/151 MP: 18/18
 35673 | Elf:1    | Entered Level 1 of the Elven Halls
 35729 | Elf:1    | Found a crumbling gateway.
 35774 | Elf:1    | HP: 7/151 [something/shard of ice (11)]
 35775 | Desolati | Entered the Desolation of Salt
 35788 | Desolati | HP: 7/151 [ironbound convoker/+3 great mace (14)]
 35789 | Desolati | Killed from afar by a ragged hierophant

Illustrated notes

Levels and vault maps discovered:
D:1:      pf_arrival_petrified_forest, layout_loops_corners,
          hellmonk_ecumenical_altar_inner_sanctum
D:2:      layout_basic, basic_altar, kennysheep_generic_room_10, uniq_sigmund
D:3:      layout_loops_corners, mainiacjoe_overflow_cross_hatched,
          mainiacjoe_overflow_24_doors, serial_shops, nicolae_lakefront_shop,
          uniq_terence
D:4:      cheibrodos_thug_alley, layout_cave_pods, serial_glass,
          glass_columns_c, glass_columns_b
D:5:      layout_basic, fiery_altar_vehumet, kennysheep_mini,
          general_overflow_altar, riverfiend_overflow_shadow_ancestor,
          minmay_temple_entry_mini_moons, serial_bayou_pond_a, uniq_ijyb
D:6:      layout_basic, mainiacjoe_overflow_catch_the_wave,
          portal_sewer_entry_d, minivault_1, minivault_5
D:7:      layout_basic, enter_bailey_3, uniq_maggie, uniq_pikel,
          uniq_prince_ribbit1
D:8:      layout_loops_ring, tgw_sif
D:9:      layout_basic, nicolae_gozag_cash_rules_everything_around_me,
          lemuel_tele_altar, eino_house_with_fridge
D:10:     layout_roguey, kennysheep_orc_monster_closet_entryway, special_room
          [special_room_orc]
D:11:     layout_rooms, david_lair_shrubbed, serial_shops, shop, feat_on_display
D:12:     statuecave_lemuel, layout_irregular_city, serial_shops, shop
D:13:     layout_irregular_city, nicolae_trove_entry_isolated,
          gammafunk_ghost_split, uniq_nessos
D:14:     minmay_stepped, layout_cave_pods, grunt_vaults_entry_tiered,
          fedhas_altar_3
D:15:     grunt_enter_depths_hoard, layout_basic, zin_angel,
          chequers_guarded_unrand_ignorance, uniq_josephine
Temple:   eino_temple_lava
Lair:1:   layout_regular_city, grunt_forest_small_clearing_treed,
          grunt_megastairs_1, uniq_gastronok, uniq_grum
Lair:2:   layout_concentric_octagons, lemuel_fruit_tree
Lair:3:   layout_hall_layers, shoals_dummy_entry, lemuel_fruit_fields,
          infiniplex_staircase_pool_2
Lair:4:   layout_regular_city, spider_nest_entry_webs
Lair:5:   layout_small_grid, minmay_slime_entry_pillars, serial_bayou_pond_b,
          uniq_snorg
Lair:6:   hangedman_lair_tendril_chambers, layout_gridlike, st_stairs_3
Orc:1:    layout_caves, uniq_harold, uniq_erolcha
Orc:2:    pf_orc_diabolical, layout_caves, serial_shops,
          nicolae_shop_statue_plus, basic_altar, lemuel_statue_altar
Elf:1:    layout_rooms, portal_desolation_entry_salt, minmay_elf_demonology,
          st_stairs_13, minmay_checkered_concentric_circles
Desolation

Skill      XL: |  1  2  3  4  5  6  7  8  9 10 11 12 13 14 15 |
---------------+----------------------------------------------+-----
Fighting       | 4 5 6 7 8 10 12 13 14 16 | 16.1
Long Blades    | 3 4 5 7 9 10 12 14 15 16 17 | 17.9
Armour         | 4 5 6 8 9 11 12 14 15 16 17 | 17.7
Shields        | 4 5 6 7 8 9 11 12 14 16 | 16.5
Dodging        | 1 2 3 4 5 |  5.0
Stealth        | 1 2 3 |  3.1
Evocations     | 1 2 |  2.9
Invocations    | 1 2 3 4 |  4.1
Maces & Flails | |  0.8

Action                   |  1- 3 |  4- 6 |  7- 9 | 10-12 | 13-15 | 16-18 || total
-------------------------+-------+-------+-------+-------+-------+-------++-------
Melee: Long sword        |    51 |   155 |   133 |       |       |       ||   339
       Headbutt          |     7 |    20 |    37 |   132 |   297 |    17 ||   510
       Scimitar          |       |       |    45 |   645 |  1236 |    69 ||  1995
       Whip              |       |       |       |     9 |       |       ||     9
Invok: Heroism           |       |       |     5 |    13 |    24 |     3 ||    45
Evoke: Wand              |       |       |    21 |     9 |     5 |       ||    35
  Use: Scroll            |       |       |    10 |     4 |    10 |     2 ||    26
       Potion            |       |       |     1 |     4 |     1 |     1 ||     7
 Stab: Paralysed         |       |       |       |       |     2 |       ||     2
Armor: Scale mail        |    23 |    23 |       |       |       |       ||    46
       Chain mail        |       |    59 |   109 |       |       |       ||   168
       Plate armour      |       |       |    36 |   284 |   646 |    38 ||  1004
Dodge: Dodged            |    19 |    52 |   143 |   224 |   368 |    23 ||   829
Block: Buckler           |     9 |    47 |    70 |    95 |       |       ||   221
       Kite shield       |       |       |       |   140 |   713 |    56 ||   909
